 Dungeon Crawl Stone Soup version 0.30-a0-390-g80c34de65d (webtiles) character file.

Game seed: 11469520027921823544

63949 Midn8 the Fighter (level 14, -15/120 HPs)
             Began as a Demonspawn Gladiator on Dec 5, 2022.
             Was an Initiate of Gozag.
             Killed from afar by a fire giant (17 damage)
             ... with a fireball
             ... on level 12 of the Dungeon.
             The game lasted 00:47:51 (22080 turns).

Midn8 the Fighter (Demonspawn Gladiator)           Turns: 22080, Time: 00:47:52

Health: -15/120    AC: 17    Str: 17    XL:     14   Next: 70%
Magic:  27/27      EV: 18    Int:  8    God:    Gozag
Gold:   3293       SH:  0    Dex: 26    Spells: 17/19 levels left

rFire   + . .      SeeInvis .    O - +7 lajatang "Boogoduus" {vorpal, rF++ MP+9 Int-2}
rCold   + + .      Faith    .    (shield currently unavailable)
rNeg    . . .      Spirit   .    T - +1 ice dragon scales
rPois   .          Reflect  .    (helmet restricted)
rElec   .          Harm     .    C - +0 cloak
rCorr   .          Rampage  .    U - +1 pair of gloves "Utsuukk" {Str-5 Dex+8}
Will    ++...                    i - +0 pair of boots
Stlth   ..........               (no amulet)
HPRegen 0.40/turn                m - +6 ring of strength
MPRegen 0.20/turn                j - ring of willpower

@: studying Dodging
A: antennae 2, icy blue scales 1, demonic guardian 2, ignite blood 2
a: Renounce Religion, Potion Petition, Call Merchant, Bribe Branch


You were on level 12 of the Dungeon.
You worshipped Gozag.
Gozag was most pleased with you.
You visited 2 branches of the dungeon, and saw 17 of its levels.
You also visited: Ossuary, Bailey and Ice Cave.

You collected 6455 gold pieces.
You spent 1612 gold pieces at shops.
You paid 1550 gold pieces to Gozag.

Inventory:

Hand Weapons
 a - a +1 spectral quarterstaff
 q - a +10 broad axe
 x - the +7 sceptre of Torment {pain, torment}
   (You found it on level 7 of the Dungeon)

   In the hands of one skilled in necromantic magic, it inflicts extra damage on
   living creatures.
   It occasionally torments all nearby living foes when it strikes in combat.
 O - the +7 lajatang "Boogoduus" (weapon) {vorpal, rF++ MP+9 Int-2}
   (You acquired it on level 9 of the Dungeon)

   It inflicts extra damage upon your enemies.
   Int:       It affects your intelligence (-2).
   rF:        It greatly protects you from fire.
   MP:        It affects your magic capacity (+9).
Missiles
 d - 7 throwing nets
 e - 10 javelins
 h - 156 stones
 v - 3 boomerangs of dispersal
 D - 30 boomerangs (quivered)
 I - 20 poisoned darts
 P - 4 curare-tipped darts
Armour
 i - a +0 pair of boots (worn)
 C - a +0 cloak (worn)
 T - +1 ice dragon scales (worn)
 U - the +1 pair of gloves "Utsuukk" (worn) {Str-5 Dex+8}
   (You found it in an ice cave)

   Str:       It affects your strength (-5).
   Dex:       It affects your dexterity (+8).
Jewellery
 g - a ring of positive energy
 j - a ring of willpower (right hand)
 m - a +6 ring of strength (left hand)
 o - a +6 ring of strength
 t - a ring of resist corrosion
 Q - a ring of wizardry
Wands
 s - a wand of charming (11)
 H - a wand of roots (14)
 J - a wand of light (8)
 K - a wand of polymorph (3)
 R - a wand of mindburst (14)
 S - a wand of flame (19)
Scrolls
 r - 12 scrolls of teleportation
 w - 3 scrolls of brand weapon
 y - 3 scrolls of butterflies
 F - 2 scrolls of poison
 L - a scroll of silence
 N - 4 scrolls of fear
 V - a scroll of blinking
 Y - 2 scrolls of magic mapping
Potions
 b - 2 potions of invisibility
 c - a potion of haste
 f - 4 potions of brilliance
 k - 5 potions of flight
 l - a potion of curing
 n - 3 potions of attraction
 p - 4 potions of degeneration
 u - 5 potions of lignification
 z - 6 potions of might
 A - 6 potions of heal wounds
 B - a potion of berserk rage
 E - 2 potions of resistance
 G - a potion of ambrosia
 M - 3 potions of magic
 Z - a potion of mutation


   Skills:
 - Level 14.0 Fighting
 - Level 14.0 Staves
 + Level 10.0 Throwing
 - Level 3.2 Armour
 - Level 12.0 Dodging
 - Level 3.0 Spellcasting
 - Level 6.0 Translocations
 - Level 4.0 Evocations


You had 17 spell levels left.
You knew the following spells:

 Your Spells              Type           Power      Damage    Failure   Level
b - Blink                 Tloc           20%        N/A       17%         2

Your spell library contained the following spells:

 Spells                   Type           Power      Damage    Failure   Level
 Gell's Gravitas          Tloc           10%        N/A       34%         3
 Lesser Beckoning         Tloc           20%        N/A       34%         3
 Teleport Other           Tloc           10%        N/A       34%         3
 Momentum Strike          Conj/Tloc      12%        3d8       52%         2
 Vhi's Electric Charge    Tloc/Air       12%        N/A       75%         3
 Sandblast                Erth           2%         2d4       80%         1
 Cigotuvi's Dreadful Rot  Necr/Pois/Air  2%         N/A       90%         2
 Ensorcelled Hibernation  Hex/Ice        2%         N/A       90%         2
 Passwall                 Tmut/Erth      0%         N/A       90%         2
 Poisonous Vapours        Pois/Air       2%         N/A       90%         2
 Hailstorm                Conj/Ice       1%         3d3       99%         3
 Mephitic Cloud           Conj/Pois/Air  1%         N/A       99%         3
 Spider Form              Tmut/Pois      1%         N/A       99%         3
 Stone Arrow              Conj/Erth      2%         3d7       99%         3
 Airstrike                Air            0%         2d(1-17)  100%        4
 Anguish                  Hex/Necr       0%         N/A       100%        4
 Dispel Undead            Necr           1%         3d6       100%        4
 Ice Form                 Ice/Tmut       1%         N/A       100%        4
 Summon Lightning Spire   Summ/Air       1%         N/A       100%        4
 Arcjolt                  Conj/Air       0%         1d10      100%        5
 Blade Hands              Tmut           0%         N/A       100%        5
 Irradiate                Conj/Tmut      0%         3d11      100%        5
 Lightning Bolt           Conj/Air       0%         1d11      100%        5
 Summon Forest            Summ/Tloc      3%         N/A       100%        5
 Summon Mana Viper        Hex/Summ       1%         N/A       100%        5
 Death Channel            Necr           0%         N/A       100%        6
 Summon Cactus Giant      Summ           0%         N/A       100%        6
 Dragon Form              Tmut           0%         N/A       100%        7
 Storm Form               Tmut/Air       0%         N/A       100%        7
 Maxwell's Capacitive Co  Air            0%         ∞         100%        8
 Simulacrum               Ice/Necr       Unusable   N/A       N/A         6

Dungeon Overview and Level Annotations

Branches:
Dungeon (12/15)            Temple (0/1) D:7            Lair (5/5) D:10
  Swamp (0/4) Lair:3        Snake (0/4) Lair:3        Slime (0/5) Lair:4
    Orc (0/2) D:11        Ossuary (visited)          Bailey (visited)
  IceCv (visited)

Altars:
Cheibriados
Dithmenos
Fedhas
Gozag
Hepliaklqana
Kikubaaqudgha
Makhleb
Ru
Trog
Vehumet
Jiyva

Shops:
D:1 [   D:5 !

Annotations:
D:7 Sceptre of torment vault
Lair:3 exclusions: 2 lindwurms and 5 more exclusions
Lair:5 unfinished


Innate Abilities, Weirdness & Mutations

You have a pair of antennae on your head.
You are partially covered in icy blue scales. (AC +2)
A demonic guardian rushes to your aid.
Your demonic aura often causes spilled blood to erupt in flames.


Message History

A centaur warrior comes into view.
The centaur warrior moves out of view.
The centaur warrior shouts!
You hear a shout!
The centaur warrior wields a +0 longbow.
The centaur warrior shoots an arrow.
The arrow misses you.
A centaur warrior is nearby!
The centaur warrior shoots an arrow.
The arrow hits you!!
A fire giant comes into view.
It is wielding a +2 great sword of flaming.
The centaur warrior shoots an arrow.
The arrow hits you.
The centaur warrior shoots an arrow.
The arrow misses you.
A centaur warrior comes into view.
It is wielding a +2 scimitar of holy wrath.
The centaur warrior shouts!
The centaur warrior shoots an arrow.
The arrow hits you.
The centaur warrior shoots an arrow.
The arrow hits you!
The fire giant gestures at you while chanting.
The bolt of fire hits you! You resist.
A storm dragon comes into view.
A cyclops comes into view.
The centaur warrior unwields a +2 scimitar of holy wrath.
It stops glowing.
The centaur warrior wields a +0 longbow.
The centaur warrior shoots an arrow.
The arrow hits you!
The centaur warrior shoots an arrow.
The arrow barely misses you.
The centaur warrior shoots an arrow.
The arrow barely misses you.
The fire giant points at you and mumbles some strange words.
The bolt of fire hits you!! You resist.
* * * LOW HITPOINT WARNING * * *
The centaur warrior shoots an arrow.
The arrow hits you!
* * * LOW HITPOINT WARNING * * *
A demonic guardian appears!
The centaur warrior shoots an arrow.
The arrow hits you.
* * * LOW HITPOINT WARNING * * *
A tengu reaver comes into view.
It is wielding a +3 great sword of flaming and wearing a +3 scale mail of cold resistance.
The centaur warrior shoots an arrow.
The arrow hits you!
* * * LOW HITPOINT WARNING * * *
The centaur warrior shoots an arrow.
The arrow hits you.
* * * LOW HITPOINT WARNING * * *
The fire giant gestures at you while chanting.
The fireball explodes!
The fireball engulfs you! You resist.
You die...
Your body crumbles into a pile of gold.

#.#####.###...#####
#.# #.##.....#...
#.# #........#.##
#.# #.##.....#.##
#.#####.###...)....
#...)...##.....#.##
##.########...##.#
##3## ##.###.##
##☼@.## #.# #...
#...°.# #.# ####
##...## #+# #.○°#
#..c..# #...C.....#
........c..!... #
..D.....$...... $
+. .:......Q......
##


You could see a fire giant, 2 centaur warriors and a friendly soul eater
(summoned).

Vanquished Creatures
  A sphinx (D:12)
  A reaper (IceCv)
  4 hydras
  Erolcha (D:11)
  Harold (Lair:2)
  3 two-headed ogres
  A catoblepas (Lair:3)
  7 death yaks
  Pikel (D:7)
  A wolf spider (Lair:5)
  A deep elf pyromancer (D:12)
  A manticore (D:12)
  A cyclops (D:11)
  8 black mambas
  2 rust devils
  A guardian serpent (Lair:5)
  2 ice statues (IceCv)
  2 gargoyles (D:10)
  17 cane toads
  5 kobold demonologists
  3 unseen horrors
  8 komodo dragons
  9 rime drakes
  5 ice devils (IceCv)
  6 trolls
  4 hornets
  Prince Ribbit (D:7)
  4 blink frogs (Lair:1)
  A vampire (D:12)
  A wraith (D:12)
  47 yaks
  2 basilisks
  16 wyverns
  A steam dragon (Lair:5)
  Eustachio (D:5)
  Grum (D:10)
  2 redbacks (Lair:5)
  3 wargs (D:11)
  2 death yak simulacra (IceCv)
  A naga (D:9)
  2 swamp worms (Lair:3)
  3 acid dragons
  29 water moccasins
  2 hydra simulacra (IceCv)
  2 ice beasts (D:7)
  3 sky beasts
  7 orc warriors
  4 black bears
  6 ogres
  26 wolves
  3 centaurs
  A phantom (D:7)
  A lemure (D:7)
  3 kobold brigands
  19 bullfrogs
  Blork the orc (D:4)
  5 gnoll sergeants
  2 scorpions
  2 two-headed ogre simulacra (IceCv)
  5 wights (D:9)
  5 killer bees (D:9)
  4 electric eels
  2 howler monkeys
  4 jellies
  6 orc priests
  6 hounds
  3 gnoll boudas
  3 iguanas
  7 orc wizards
  3 polar bear simulacra (IceCv)
  3 troll simulacra (IceCv)
  2 spriggan simulacra (IceCv)
  2 wolf simulacra (IceCv)
  13 mummies
  9 adders
  35 gnolls
  2 naga simulacra (IceCv)
  A shadow imp (D:7)
  16 white imps
  2 ufetubi (IceCv)
  A worm (D:3)
  4 dart slugs
  35 orcs
  4 ball pythons
  14 endoplasms
  A giant cockroach (D:1)
  13 goblins
  9 hobgoblins
  31 kobolds
  3 quokkas
  3 bats
  2 frilled lizards (D:2)
  5 gnoll skeletons (Ossuary)
  A goblin skeleton (Ossuary)
  A hobgoblin zombie (D:8)
  2 kobold skeletons (Ossuary)
  3 orc zombies (D:8)
  4 rats
  11 rat skeletons (Ossuary)
  2 butterflies (Lair:1)
582 creatures vanquished.

Vanquished Creatures (collateral kills)
  An orc warlord (Bailey)
  2 orc warriors (Bailey)
  An ogre (D:6)
  2 lemures (D:7)
  A wight (D:9)
  A mummy (D:4)
  2 orcs (D:7)
  A goblin (Bailey)
  A kobold (Bailey)
12 creatures vanquished.

Vanquished Creatures (others)
  A cane toad (Lair:5)
  A human (D:7)
  43 fungi
  77 plants
  7 toadstools (D:4)
129 creatures vanquished.

Grand Total: 723 creatures vanquished

Notes
Turn   | Place    | Note
-------+----------+-------------------------------------------
     0 | D:1      | Midn8 the Demonspawn Gladiator began the quest for the Orb.
     0 | D:1      | Reached XP level 1. HP: 16/16 MP: 1/1
   140 | D:1      | Found a faded altar of an unknown god.
   143 | D:1      | Prayed at the altar of an unknown god.
   143 | D:1      | Became a worshipper of Gozag Ym Sagoz the Greedy
   281 | D:1      | Found Qosute's Antique Armour Shop.
   360 | D:1      | Gained mutation: A weak demonic guardian rushes to your
                  | aid. [demonic ancestry]
   360 | D:1      | Reached XP level 2. HP: 17/22 MP: 2/2
   853 | D:1      | Reached XP level 3. HP: 19/27 MP: 3/3
   957 | D:2      | Reached XP level 4. HP: 33/33 MP: 4/4
  1691 | D:3      | Reached skill level 5 in Staves
  1850 | D:3      | Gained mutation: Your demonic aura sometimes causes spilled
                  | blood to erupt in flames. [demonic ancestry]
  1850 | D:3      | Reached XP level 5. HP: 38/38 MP: 5/5
  2221 | D:3      | Found a blossoming altar of Fedhas.
  2254 | D:4      | Found a snail-covered altar of Cheibriados.
  2417 | D:4      | Noticed an ogre
  2428 | D:4      | Killed an ogre
  2577 | D:4      | Noticed Blork the orc
  2584 | D:4      | Killed Blork the orc
  2585 | D:4      | Reached XP level 6. HP: 46/47 MP: 6/6
  2752 | D:4      | Found a hazy altar of Hepliaklqana.
  3008 | D:4      | Gained mutation: A demonic guardian rushes to your aid.
                  | [demonic ancestry]
  3008 | D:4      | Reached XP level 7. HP: 52/54 MP: 7/7
  3504 | D:5      | Entered Level 5 of the Dungeon
  3626 | D:4      | HP: 4/81 [gnoll/+0 flail (5)]
  4152 | D:5      | Gained mutation: You have a pair of small antennae on your
                  | head. [demonic ancestry]
  4152 | D:5      | Reached XP level 8. HP: 56/60 MP: 8/8
  4238 | D:5      | Noticed Eustachio
  4255 | D:5      | Killed Eustachio
  4544 | D:5      | Found Gyec's Distillery.
  4547 | D:5      | Bought 2 potions of heal wounds for 100 gold pieces
  5021 | D:6      | Reached skill level 1 in Evocations
  5154 | D:6      | Found a sand-covered staircase.
  5159 | Ossuary  | Entered an ossuary
  5385 | Ossuary  | Gained mutation: You have a pair of antennae on your head.
                  | [demonic ancestry]
  5385 | Ossuary  | Reached XP level 9. HP: 64/65 MP: 9/9
  5902 | D:6      | Reached skill level 5 in Fighting
  5974 | D:6      | Found a radiant altar of Vehumet.
  6360 | D:7      | Found a staircase to the Ecumenical Temple.
  6416 | D:7      | Noticed Prince Ribbit
  6549 | D:6      | Reached skill level 5 in Dodging
  6647 | D:7      | Killed Prince Ribbit
  6783 | D:7      | Found an ancient bone altar of Kikubaaqudgha.
  6834 | D:7      | Noticed Pikel
  6851 | D:7      | Killed Pikel
  7051 | D:7      | Reached XP level 10. HP: 76/76 MP: 10/10
  7056 | D:7      | Found a burning altar of Makhleb.
  7126 | D:8      | Identified the +7 leather armour of the Vestibule of Hell
                  | {*Corrode +Blink rC++ Int-4}
  7184 | D:8      | Found a flagged portal.
  7209 | Bailey   | Entered a bailey
  7214 | Bailey   | Noticed an orc warlord
  7360 | Bailey   | Found a runed translucent gate.
  7362 | Bailey   | Found a runed translucent gate.
  7402 | Bailey   | Found a runed translucent gate.
  7526 | Bailey   | Killed an orc warlord
  7527 | Bailey   | Reached skill level 10 in Staves
  7776 | Bailey   | Gained mutation: Your demonic aura often causes spilled
                  | blood to erupt in flames. [demonic ancestry]
  7776 | Bailey   | Reached XP level 11. HP: 84/84 MP: 11/11
  7801 | D:7      | Found the +7 sceptre of Torment {pain, torment}
  7840 | D:8      | Found a bloodstained altar of Trog.
  7938 | D:8      | Found a shadowy altar of Dithmenos.
  8930 | D:9      | Noticed Maggie
  8933 | D:9      | Maggie changed into Maggie the naga
  8933 | D:9      | Noticed Maggie
  8984 | D:9      | Identified a scroll of acquirement
  8984 | D:9      | Acquired the +7 lajatang "Boogoduus" {vorpal, rF++ MP+9
                  | Int-2}
  9158 | D:9      | Noticed a two-headed ogre
  9177 | D:9      | Killed a two-headed ogre
  9178 | D:9      | Reached skill level 5 in Throwing
  9494 | D:9      | Killed Maggie the naga
  9674 | D:9      | Found a sacrificial altar of Ru.
  9687 | D:9      | Noticed a sixfirhy
 10097 | D:10     | Entered Level 10 of the Dungeon
 10100 | D:10     | Identified the +7 hand axe "Bajouh" {venom, rN++ Stlth+}
 10976 | D:10     | Found a staircase to the Lair.
 11015 | D:10     | Noticed Grum
 11018 | D:10     | Gained mutation: You are partially covered in icy blue
                  | scales. (AC +2) [demonic ancestry]
 11018 | D:10     | Reached XP level 12. HP: 90/92 MP: 12/12
 11023 | D:10     | Killed Grum
 11276 | D:10     | Acquired a manual of Dodging
 11745 | Lair:1   | Entered Level 1 of the Lair of Beasts
 12138 | Lair:1   | Reached skill level 10 in Fighting
 12322 | Lair:1   | Learned a level 2 spell: Blink
 12958 | D:1      | Bought shiny ice dragon scales for 1512 gold pieces
 13383 | Lair:2   | Found a frozen archway.
 13434 | IceCv    | Entered an ice cave
 13792 | IceCv    | Reached skill level 10 in Dodging
 13807 | IceCv    | Identified the +1 pair of gloves "Utsuukk" {Str-5 Dex+8}
 13871 | IceCv    | Reached skill level 1 in Spellcasting
 13871 | IceCv    | Reached skill level 1 in Translocations
 14180 | IceCv    | Noticed a reaper
 14194 | IceCv    | Killed a reaper
 14857 | Lair:2   | Noticed Harold
 14887 | Lair:2   | Killed Harold
 14888 | Lair:2   | Reached XP level 13. HP: 103/103 MP: 16/16
 14959 | Lair:2   | Reached skill level 5 in Translocations
 16073 | Lair:3   | Found a staircase to the Snake Pit.
 17128 | Lair:3   | Found a staircase to the Swamp.
 17672 | Lair:4   | You fall into a shaft and drop 1 floor!
 17672 | Lair:5   | Entered Level 5 of the Lair of Beasts
 18444 | Lair:4   | Reached XP level 14. HP: 111/118 MP: 18/18
 18931 | Lair:4   | Found a staircase to the Slime Pits.
 18932 | Lair:4   | Found a viscous altar of Jiyva.
 19406 | Lair:5   | Paralysed by a hornet for 2 turns
 19599 | Lair:5   | HP: 5/119 [wolf spider (4)]
 20924 | D:7      | Identified the +10 war axe "Laecoav" {venom, rElec rPois
                  | rF+}
 21484 | D:11     | Noticed Erolcha
 21495 | D:11     | Killed Erolcha
 21528 | D:11     | Found a staircase to the Orcish Mines.
 21611 | D:11     | Identified the +2 short sword of the Dead {venom, rF+ rC+}
 21900 | D:12     | Noticed a sphinx
 21915 | D:12     | Killed a sphinx
 21945 | D:12     | Reached skill level 10 in Throwing
 22075 | D:12     | Noticed a fire giant
 22077 | D:12     | Noticed a storm dragon
 22079 | D:12     | Noticed a tengu reaver
 22080 | D:12     | HP: 3/120 [centaur warrior/arrow (13)]
 22080 | D:12     | Killed from afar by a fire giant

Illustrated notes

Levels and vault maps discovered:
D:1:      shiori_shiawase, layout_loops_ring,
          shapermc_ecumenical_altar_mp_vishouse, serial_shops,
          nicolae_shop_stone
D:2:      layout_rooms, hex_intersection
D:3:      layout_basic, mainiacjoe_overflow_alcove_2
D:4:      cheibrodos_fertilizer, layout_basic, slow_altar_1,
          mainiacjoe_overflow_brackets, uniq_blork_the_orc
D:5:      layout_cave_pools, serial_rivers, chequers_serial_rivers_room_a,
          chequers_serial_rivers_large_a, chequers_serial_rivers_micro_a,
          chequers_serial_rivers_marsh, chequers_serial_rivers_small_b,
          serial_shops, kennysheep_mini, minmay_misc_feat_plants, uniq_eustachio
D:6:      layout_loops_ring, nicolae_vehumet_altar_sigil,
          nicolae_ossuary_entry_plus, minmay_misc_feat_enclosed
D:7:      cheibrodos_iron_armory, layout_rooms, marbit_many_paths,
          tgw_kikubaaqudgha, minmay_temple_entry_nine_rooms,
          uniq_prince_ribbit1, uniq_pikel
D:8:      layout_basic, mainiacjoe_overflow_tiny_flanked, grunt_dithmenos_smoke,
          enter_bailey_4, fountainhead, minmay_mini_ossuary
D:9:      layout_loops_ring, mainiacjoe_overflow_concentric_impassable,
          kennysheep_generic_room_13, uniq_maggie
D:10:     layout_loops_ring, lair_entry_dummy, dreamdust_wishing_well, uniq_grum
D:11:     layout_loops_cross, minmay_orc_entry_guard_dogs, uniq_erolcha
D:12:     thingy_vault, layout_loops_corners, enter_trove_6
Lair:1:   layout_loops_ring, beast_lair_carwin_11, lemuel_fruit_fields,
          lemuel_fruit_tree, infiniplex_staircase_pool_2
Lair:2:   layout_long_grid, portal_ice_cave_entry_imps, grunt_megastairs_5,
          serial_bayou_shore_a, uniq_harold
Lair:3:   layout_layer_cave, palyth_hydra_swamp_entry, dummy_snake_entry,
          minmay_lindwurm_lava, infiniplex_staircase_pool
Lair:4:   layout_roguey, slime_entry_1, st_stairs_11, grunt_megastairs_2
Lair:5:   guppyfry_lair_end_dragon, layout_regular_city,
          hangedman_lair_tendril_chambers

Skill      XL: |  1  2  3  4  5  6  7  8  9 10 11 12 13 14 |
---------------+-------------------------------------------+-----
Staves         | 3 4 5 6 7 8 9 13 14 | 14.0
Fighting       | 3 4 6 7 8 10 13 14 | 14.0
Dodging        | 3 4 6 10 12 | 12.0
Armour         | 3 |  3.2
Throwing       | 4 7 8 10 | 10.0
Evocations     | 3 4 |  4.0
Spellcasting   | 2 3 |  3.0
Translocations | 4 6 |  6.0

Action                   |  1- 3 |  4- 6 |  7- 9 | 10-12 | 13-15 || total
-------------------------+-------+-------+-------+-------+-------++-------
Melee: Quarterstaff      |    72 |   138 |   328 |   140 |    18 ||   696
       Lajatang          |       |       |       |   368 |   421 ||   789
Throw: Stone             |       |    11 |    10 |    18 |       ||    39
       Dart              |       |     1 |       |     8 |       ||     9
       Boomerang         |       |       |       |    55 |    36 ||    91
Invok: Potion Petition   |       |       |     1 |     2 |       ||     3
Evoke: Wand              |       |       |       |     4 |     1 ||     5
  Use: Scroll            |       |     4 |    11 |    11 |     6 ||    32
       Potion            |       |       |       |     1 |     2 ||     3
 Stab: Distracted        |       |       |     3 |     5 |     8 ||    16
Armor: Ring mail         |    40 |    59 |   114 |    84 |       ||   297
       Ice dragon scales |       |       |       |    42 |   124 ||   166
Dodge: Dodged            |    45 |    66 |   193 |   297 |   290 ||   891

Table legend: (Time is in decaauts)
 A = Elapsed time spent in this place.
 B = Non-inter-level travel time spent in this place.
 C = Inter-level travel time spent in this place.
 D = Time resting spent in this place.
 E = Time spent auto-exploring this place.
 F = Levels seen in this place.
 G = Mean time per level.
                   A        B        C        D        E       F      G
               +--------+--------+--------+--------+--------+-----+--------+
         Total |  21903 |  20219 |   1684 |   5386 |  10386 |  20 | 1095.2 |
       Dungeon |  12458 |  11009 |   1449 |   2425 |   6295 |  12 | 1038.2 |
          Lair |   7586 |   7352 |    234 |   2186 |   3839 |   5 | 1517.2 |
       Ossuary |    447 |    447 |      0 |    108 |    170 |   1 |  447.0 |
        Bailey |    549 |    549 |      0 |    248 |      4 |   1 |  549.0 |
      Ice Cave |    861 |    861 |      0 |    418 |     78 |   1 |  861.0 |
               +--------+--------+--------+--------+--------+-----+--------+

Top non-repeatable levels by time:
  Lair:5: 2084 daAuts
  Lair:3: 1764 daAuts
     D:4: 1719 daAuts
  Lair:2: 1472 daAuts
     D:8: 1469 daAuts
    D:10: 1434 daAuts
     D:5: 1209 daAuts
  Lair:4: 1199 daAuts
     D:9: 1099 daAuts
     D:6: 1099 daAuts
  Lair:1: 1066 daAuts
     D:1: 1038 daAuts
     D:7: 868 daAuts
   IceCv: 861 daAuts
     D:3: 796 daAuts
